 Dungeon Crawl Stone Soup version 0.17.1-1-g73c8601 (webtiles) character file.

155283 Kloppie the Bludgeoner (level 17, -7/165 HPs)
             Began as a Minotaur Berserker on Jan 8, 2016.
             Was the Champion of Trog.
             Mangled by the 27-headed Lernaean hydra (8 damage)
             ... on level 4 of the Swamp.
             The game lasted 00:50:59 (21522 turns).

Kloppie the Bludgeoner (Minotaur Berserker)        Turns: 21522, Time: 00:50:59

Health: -7/165     AC: 28    Str: 30    XL:     17   Next: 8%
Magic:  16/16      EV: 31    Int:  9    God:    Trog [******]
Gold:   1755       SH:  0    Dex: 19    Spells: 0 memorised, 16 levels left

rFire  + + .     SeeInvis .     a - +5 great mace of Docoemu {crush, rElec Int+3 Stlth+}
rCold  . . .     Clarity  .     F - +5 scale mail of Freedom {rPois rF+ MR++ Regen+}
rNeg   . . .     SustAt   .     (shield currently unavailable)
rPois  +         Gourm    .     (helmet restricted)
rElec  +         Spirit   .     m - +0 cloak
rCorr  .         Warding  .     W - +0 pair of gloves
rMut   .         Stasis   .     U - +2 pair of boots {Stlth+}
MR     +++++                    X - amulet of regeneration
Stlth  +++.......               C - ring "Kastrofa" {rPois rF+ EV+3 Str+2}
                                D - +5 ring of protection

@: mighty, agile, regenerating, studying Fighting, almost entirely resistant to
hostile enchantments, fairly stealthy
A: retaliatory headbutt, horns 2, molten scales 1, sense surroundings 1
a: Berserk, Trog's Hand, Brothers in Arms, Burn Spellbooks, Renounce Religion


You were on level 4 of the Swamp.
You worshipped Trog.
Trog was exalted by your worship.
You were not hungry.

You visited 4 branches of the dungeon, and saw 26 of its levels.
You also visited: Bailey and Volcano.

You collected 3639 gold pieces.
You spent 1884 gold pieces at shops.

Inventory:

Hand Weapons
 a - the +5 great mace of Docoemu (weapon) {crush, rElec Int+3 Stlth+}
   (Trog gifted it to you on level 2 of the Lair of Beasts)

   It inflicts extra damage upon your enemies.
   It affects your intelligence (+3).
   It insulates you from electricity.
   It makes you more stealthy.
 b - the +6 arbalest "Hellfire" {hellfire, rF++ rC- MR+}
   (You found it on level 2 of the Lair of Beasts)

   It greatly protects you from fire.
   It makes you vulnerable to cold.
   It affects your resistance to hostile enchantments.
 I - a +4 antimagic eveningstar
 J - the +8 great mace "Qipidisch" {holy, rElec rPois rF+ Int-5}
   (Trog gifted it to you on level 3 of the Swamp)

   It has been blessed by the Shining One to cause great damage to the undead
   and demons.
   It affects your intelligence (-5).
   It protects you from fire.
   It insulates you from electricity.
   It protects you from poison.
 K - a +4 eveningstar
 O - a +3 demon whip of venom
Missiles
 g - 10 throwing nets (quivered)
 j - 78 bolts
 w - 13 silver bolts
 L - 33 bolts of frost
Armour
 m - a +0 cloak (worn)
 F - the +5 scale mail of Freedom (worn) {rPois rF+ MR++ Regen+}
   (You found it on level 6 of the Dungeon)

   It protects you from fire.
   It protects you from poison.
   It affects your resistance to hostile enchantments.
   It increases your rate of regeneration.
 U - a +2 pair of boots of stealth (worn)
 W - a +0 pair of gloves (worn)
Jewellery
 t - an uncursed ring of see invisible
 u - an uncursed ring of sustain attributes
 x - an uncursed ring of flight
 y - an uncursed ring of fire
 C - the ring "Kastrofa" (right hand) {rPois rF+ EV+3 Str+2}
   (You found it on level 5 of the Lair of Beasts)

   [ring of evasion]

   It affects your evasion (+3).
   It affects your strength (+2).
   It protects you from fire.
   It protects you from poison.
 D - a +5 ring of protection (left hand)
 X - an amulet of regeneration (around neck)
Wands
 v - a wand of fire (3)
 G - a wand of digging (19)
Scrolls
 f - 4 scrolls of magic mapping
 i - 6 scrolls of remove curse
 p - 2 scrolls of fear
 q - 11 scrolls of teleportation
 s - 5 scrolls of enchant weapon
 B - 4 scrolls of immolation
 Q - 3 scrolls of recharging
 T - 4 scrolls of enchant armour
 V - 10 scrolls of identify
Potions
 e - 5 potions of agility
 h - 4 potions of lignification
 k - a potion of flight
 n - 11 potions of curing
 r - 5 potions of might
 A - 2 potions of magic
 E - 2 potions of haste
 M - 2 potions of cure mutation
 P - a potion of resistance
 R - 2 potions of cancellation
Books
 l - a manual of Fighting
 H - the Reference Book on Evil Magic and Companions
   (You found it on level 7 of the Dungeon)

   Spells                             Type                      Level
   a - Pain                           Necromancy                   1
   b - Sublimation of Blood           Necromancy                   2
   c - Recall                         Summoning/Translocation      3
   d - Summon Ice Beast               Ice/Summoning                4
   e - Excruciating Wounds            Charms/Necromancy            5
   Trog disapproves of the use of such an item.
 N - a book of Ice

   Spells                             Type                      Level
   a - Ice Form                       Ice/Transmutation            4
   b - Metabolic Englaciation         Hexes/Ice                    5
   c - Ozocubu's Refrigeration        Ice                          6
   d - Bolt of Cold                   Conjuration/Ice              6
   e - Freezing Cloud                 Conjuration/Ice/Air          6
   f - Simulacrum                     Ice/Necromancy               6
   Trog disapproves of the use of such an item.
 Y - Sif Muna's Incunabulum of Ice
   (You found it on level 8 of the Lair of Beasts)

   Spells                             Type                      Level
   a - Freeze                         Ice                          1
   b - Summon Ice Beast               Ice/Summoning                4
   c - Condensation Shield            Ice                          4
   d - Ice Form                       Ice/Transmutation            4
   e - Bolt of Cold                   Conjuration/Ice              6
   Trog disapproves of the use of such an item.
Miscellaneous
 d - a sack of spiders
Comestibles
 c - 14 bread rations
 o - 14 meat rations


   Skills:
 + Level 18.2 Fighting
 - Level 20.0 Maces & Flails
 + Level 16.4 Armour
 + Level 15.1 Dodging


You had 16 spell levels left.
You didn't know any spells.

Dungeon Overview and Level Annotations

Branches:
Dungeon (10/15)            Temple (0/1) D:4            Lair (8/8) D:9
  Swamp (4/4) Lair:4        Snake (0/4) Lair:3        Slime (0/6) Lair:6
    Orc (4/4) D:10            Elf (0/3) Orc:3

Altars:
Ashenzari
Fedhas
Kikubaaqudgha
Makhleb
Qazlal
Vehumet
Beogh
Jiyva

Shops:
D:6 (   D:9 [   Orc:4 ::![

Annotations:
Swamp:4 Lernaean hydra


Innate Abilities, Weirdness & Mutations

You reflexively headbutt those who attack you in melee.
You have a pair of horns on your head.
You are partially covered in molten scales (AC +1).
You passively map a small area around you.


Message History

The 27-headed Lernaean hydra bites you but does no damage.
The 27-headed Lernaean hydra bites you!
* * * LOW HITPOINT WARNING * * *
You barely miss the 27-headed Lernaean hydra.
The 27-headed Lernaean hydra is heavily wounded.
The 27-headed Lernaean hydra closely misses you.
You furiously retaliate!
You headbutt the 27-headed Lernaean hydra.
The 27-headed Lernaean hydra bites you but does no damage.
The 27-headed Lernaean hydra completely misses you. x2
The 27-headed Lernaean hydra bites you.
* * * LOW HITPOINT WARNING * * *
The 27-headed Lernaean hydra bites you but does no damage.
The 27-headed Lernaean hydra completely misses you.
The 27-headed Lernaean hydra bites you but does no damage.
The 27-headed Lernaean hydra misses you.
The 27-headed Lernaean hydra completely misses you. x2
The 27-headed Lernaean hydra bites you but does no damage. x2
The 27-headed Lernaean hydra bites you!
You die...

≈§≈≈..(≈(≈8...#.§.8.8P8.#≈♣
≈≈≈..P.≈.PP...#..≈.≈.†...≈♣
≈≈≈.#......≈≈⌠#⌠..≈.≈P.≈..♣
..≈..≈.###########.###$..≈♣
♣♣♣.#≈P.≈#...⌠#⌠.)†#......♣
♣....P.≈...≈#≈......≈≈..♣
♣§#.8.(.(...#..†(.8.8P.≈♣
♣≈.≈.≈≈..8≈.#..8≈..≈.≈#≈♣
♣≈##....≈..###@D.#+####≈♣
♣##P.≈...8†.#≈.(.'....#*
#....≈#..†.....†#.....#
♣♣#...≈≈.≈8.....(.#.(φ..#
♣♣≈.≈≈...#...≈≈≈...#....?#
♣.≈.≈...####...#+#.##..$##
≈≈≈.#.#.#≈≈{....≈≈≈≈##### *
≈.♣≈. ≈≈≈≈≈≈≈.♣♣♣.≈... *
≈.≈,..♣.≈≈≈... ,♣♣....


You could see the 27-headed Lernaean hydra.

Vanquished Creatures
  Mara (Swamp:4)
  2 thorn hunters
  Kirke (Swamp:4)
  Maud (Lair:4)
  Snorg (Lair:3)
  3 ogre magi (Orc:4)
  19 hydras
  8 alligators
  3 ghost crabs
  Erica (D:9)
  A catoblepas (Lair:6)
  8 death yaks
  Nergalle (Lair:1)
  A spriggan druid (Swamp:4)
  An orc knight (Orc:1)
  2 shambling mangroves (Swamp:3)
  8 swamp dragons
  8 orc sorcerers
  An oklob plant (Lair:3)
  A cyclops (Orc:3)
  A hornet (Swamp:3)
  2 griffons
  31 spiny frogs
  18 elephants
  Joseph (D:10)
  4 black mambas
  A molten gargoyle (Volcano)
  Psyche (D:8)
  A gargoyle (Volcano)
  7 komodo dragons
  7 fire drakes
  4 polar bears
  4 trolls
  28 blink frogs
  12 slime creatures
  10 giant leeches
  13 bog bodies
  A shadow (Swamp:1)
  36 yaks
  6 spriggans
  3 fire elementals (Volcano)
  A hog (Swamp:4)
  4 wolves
  A steam dragon (Lair:8)
  3 basilisks
  7 hippogriffs
  10 vampire mosquitoes
  Menkaure (D:5)
  18 swamp worms
  A mottled dragon (Lair:8)
  A warg (Orc:2)
  4 nagas (Lair:3)
  3 insubstantial wisps (Swamp:1)
  10 swamp drakes
  12 water moccasins
  Duvessa (D:5)
  6 porcupines
  17 orc warriors
  A black bear (D:7)
  11 wasps
  An eye of draining (D:10)
  A sky beast (D:8)
  2 necrophages (D:8)
  4 centaurs
  13 ogres
  19 crocodiles
  3 big kobolds (D:8)
  35 giant frogs
  9 gnoll sergeants
  5 scorpions
  Dowan (D:5)
  2 electric eels
  A giant frog zombie (D:7)
  4 hounds
  A crimson imp (D:7)
  A centaur zombie (D:10)
  A giant frog skeleton (D:8)
  Crazy Yiuf (D:2)
  6 gnoll shamans (Bailey)
  19 orc priests
  10 iguanas
  36 orc wizards
  5 worker ants
  13 hell rats
  A killer bee zombie (D:6)
  16 sheep
  A hound skeleton (D:9)
  2 worker ant zombies
  20 gnolls
  10 adders
  58 river rats
  A shadow imp (D:7)
  An adder skeleton (D:4)
  An ooze (D:1)
  A worm (D:3)
  3 giant geckos
  145 orcs
  8 bats
  5 giant cockroaches
  9 goblins
  9 hobgoblins
  19 jackals
  5 kobolds
  5 quokkas
  A giant gecko skeleton (D:8)
  8 giant newts
  2 jackal zombies (D:8)
  A quokka skeleton (D:5)
  6 rats
  A briar patch (Swamp:2)
  A plant (Lair:3)
908 creatures vanquished.

Vanquished Creatures (collateral kills)
  A swamp dragon (Swamp:3)
  A spriggan (Swamp:3)
  A swamp worm (Swamp:3)
  2 wasps (Swamp:3)
5 creatures vanquished.

Vanquished Creatures (others)
  An alligator (Swamp:4)
  A spiny frog (Swamp:3)
  4 humans (Swamp:4)
  A swamp drake (Swamp:4)
  An orc wizard (Orc:4)
  A briar patch (Swamp:2)
  2 fire vortices (Volcano)
  18 fungi
  11 plants
40 creatures vanquished.

Grand Total: 953 creatures vanquished

Notes
Turn   | Place    | Note
--------------------------------------------------------------
     0 | D:1      | Kloppie the Minotaur Berserker began the quest for the Orb.
     0 | D:1      | Reached XP level 1. HP: 19/19 MP: 0/0
   171 | D:1      | Reached XP level 2. HP: 25/27 MP: 1/1
   207 | D:1      | Reached skill level 4 in Maces & Flails
   664 | D:1      | Reached ** piety under Trog
   794 | D:1      | Reached XP level 3. HP: 33/33 MP: 2/2
  1022 | D:2      | Noticed Crazy Yiuf
  1027 | D:2      | Killed Crazy Yiuf
  1027 | D:2      | Reached XP level 4. HP: 40/40 MP: 3/3
  1417 | D:3      | Reached XP level 5. HP: 14/47 MP: 4/4
  1437 | D:3      | Reached skill level 5 in Maces & Flails
  1857 | D:3      | Reached *** piety under Trog
  1925 | D:3      | Reached skill level 5 in Fighting
  2126 | D:4      | Reached XP level 6. HP: 51/56 MP: 5/5
  2362 | D:4      | Found a staircase to the Ecumenical Temple.
  2606 | D:4      | Found a blossoming altar of Fedhas.
  3066 | D:5      | Entered Level 5 of the Dungeon
  3127 | D:5      | Noticed Dowan
  3150 | D:5      | Killed Dowan
  3197 | D:5      | Reached skill level 5 in Armour
  3200 | D:5      | Noticed Duvessa
  3234 | D:5      | Killed Duvessa
  3234 | D:5      | Reached XP level 7. HP: 40/62 MP: 6/6
  3594 | D:5      | Reached skill level 6 in Fighting
  3630 | D:5      | Reached skill level 5 in Dodging
  3718 | D:5      | Noticed Menkaure
  3723 | D:5      | Killed Menkaure
  3892 | D:6      | Got a heavily runed scale mail
  3893 | D:6      | Identified the +5 scale mail of Freedom {rPois rF+ MR++ Regen+} (You found it on level 6 of the Dungeon)
  3919 | D:6      | Reached XP level 8. HP: 54/71 MP: 7/7
  4058 | D:6      | Reached **** piety under Trog
  4058 | D:6      | Reached skill level 7 in Fighting
  4122 | D:6      | Found a burning altar of Makhleb.
  4223 | D:6      | Found Qeguorph's Antique Weapon Boutique.
  5326 | D:7      | Reached skill level 8 in Fighting
  5406 | D:7      | Reached XP level 9. HP: 81/81 MP: 8/8
  5444 | D:7      | Identified the Reference Book on Evil Magic and Companions (You found it on level 7 of the Dungeon)
  6202 | D:8      | Noticed Psyche
  6222 | D:8      | Killed Psyche
  6222 | D:8      | Reached skill level 9 in Fighting
  6294 | D:8      | Noticed a three-headed hydra
  6305 | D:8      | Killed a three-headed hydra
  6305 | D:8      | Reached XP level 10. HP: 91/91 MP: 9/9
  6378 | D:8      | Reached ***** piety under Trog
  6449 | D:8      | Found a shattered altar of Ashenzari.
  6523 | D:8      | Found a stormy altar of Qazlal.
  6780 | D:9      | Found a staircase to the Lair.
  6811 | D:9      | Reached skill level 10 in Fighting
  6875 | D:9      | Noticed Erica
  6894 | D:9      | Killed Erica
  6894 | D:9      | Reached skill level 10 in Maces & Flails
  6926 | D:9      | Found Nutruemaywk's Antique Armour Shop.
  7304 | D:9      | Reached skill level 10 in Armour
  7367 | Lair:1   | Entered Level 1 of the Lair of Beasts
  7367 | Lair:1   | Noticed a black mamba
  7379 | Lair:1   | Killed a black mamba
  7421 | Lair:1   | Gained mutation: You are partially covered in molten scales (AC +1). [potion of beneficial mutation]
  7422 | Lair:1   | Reached skill level 14 in Maces & Flails
  7422 | Lair:1   | Reached XP level 11. HP: 65/101 MP: 10/10
  7423 | Lair:1   | Reached skill level 16 in Maces & Flails
  7423 | Lair:1   | Reached XP level 12. HP: 70/108 MP: 11/11
  7523 | Lair:1   | Found a burning altar of Makhleb.
  7606 | Lair:1   | Noticed a black mamba
  7613 | Lair:1   | Killed a black mamba
  7788 | Lair:1   | Noticed Nergalle
  7829 | Lair:1   | Killed Nergalle
  7864 | Lair:1   | Found a dark tunnel.
  7873 | Volcano  | Entered a volcano
  7919 | Volcano  | Reached XP level 13. HP: 79/116 MP: 12/12
  8862 | Lair:2   | Received a gift from Trog
  8863 | Lair:2   | Got a crystal great mace {god gift}
  8966 | Lair:2   | Identified the +5 great mace of Docoemu {crush, rElec Int+3 Stlth+} (Trog gifted it to you on level 2 of the Lair of Beasts)
  9178 | Lair:2   | Reached skill level 10 in Dodging
  9567 | Lair:3   | Noticed Snorg
  9581 | Lair:3   | Killed Snorg
  9663 | Lair:3   | Found a staircase to the Snake Pit.
  9712 | Lair:3   | Reached skill level 17 in Maces & Flails
  9889 | Lair:3   | Reached skill level 18 in Maces & Flails
  9889 | Lair:3   | Reached XP level 14. HP: 126/126 MP: 13/13
 10616 | Lair:4   | Reached ****** piety under Trog
 10717 | Lair:4   | Received a gift from Trog
 10799 | Lair:4   | Gained mutation: You passively map a small area around you. [potion of beneficial mutation]
 10808 | Lair:4   | Noticed Maud
 10824 | Lair:4   | Killed Maud
 11117 | Lair:4   | Found a staircase to the Swamp.
 11949 | Lair:5   | Got a clouded jade ring
 12010 | Lair:5   | Identified the ring "Kastrofa" {rPois rF+ EV+3 Str+2} (You found it on level 5 of the Lair of Beasts)
 12038 | Lair:6   | Received a gift from Trog
 12102 | Lair:6   | Found a staircase to the Slime Pits.
 12103 | Lair:6   | Found a viscous altar of Jiyva.
 12229 | Lair:6   | Reached skill level 19 in Maces & Flails
 12379 | Lair:6   | Reached XP level 15. HP: 136/136 MP: 14/14
 12918 | Lair:7   | Received a gift from Trog
 13660 | Lair:8   | Entered Level 8 of the Lair of Beasts
 14053 | Lair:8   | Received a gift from Trog
 14362 | Lair:8   | Got a brightly glowing hand crossbow
 14373 | Lair:8   | Identified Sif Muna's Incunabulum of Ice
 14376 | Lair:8   | Identified the +5 hand crossbow of an ossuary {elec, Stlth+} (You found it on level 8 of the Lair of Beasts)
 14801 | D:10     | Entered Level 10 of the Dungeon
 14959 | D:10     | Noticed Joseph
 14967 | D:10     | Killed Joseph
 14991 | D:10     | Found a flagged portal.
 14997 | Bailey   | Entered a bailey
 15095 | Bailey   | Received a gift from Trog
 15450 | D:10     | Found a staircase to the Orcish Mines.
 15462 | D:10     | Found a roughly hewn altar of Beogh.
 15995 | Orc:1    | Entered Level 1 of the Orcish Mines
 16281 | Orc:2    | Received a gift from Trog
 16848 | Orc:1    | Received a gift from Trog
 16989 | Orc:1    | Received a gift from Trog
 17224 | Orc:3    | Found a staircase to the Elven Halls.
 17242 | Orc:3    | Received a gift from Trog
 17762 | Orc:4    | Entered Level 4 of the Orcish Mines
 18130 | Orc:4    | Received a gift from Trog
 18132 | Orc:4    | Found Pun Empekli's Book Shoppe.
 18154 | Orc:4    | Found Suddiz's Book Emporium.
 18186 | Orc:4    | Found a radiant altar of Vehumet.
 18206 | Orc:4    | Reached XP level 16. HP: 144/147 MP: 15/15
 18224 | Orc:4    | Reached skill level 20 in Maces & Flails
 18225 | Orc:4    | Found an ancient bone altar of Kikubaaqudgha.
 18230 | Orc:4    | Reached skill level 15 in Fighting
 18326 | Orc:4    | Found a roughly hewn altar of Beogh.
 18326 | Orc:4    | Found Vaugh's Antique Armour Shoppe.
 18336 | Orc:4    | Found Boonlure's Distillery.
 18373 | Orc:4    | Bought a potion of heal wounds for 60 gold pieces
 18373 | Orc:4    | Bought a potion of haste for 120 gold pieces
 18373 | Orc:4    | Bought a potion of agility for 48 gold pieces
 18406 | Orc:4    | Bought a manual of Fighting for 1656 gold pieces
 18848 | Swamp:1  | Entered Level 1 of the Swamp
 18888 | Swamp:1  | Received a gift from Trog
 19789 | Swamp:2  | Reached skill level 15 in Armour
 21025 | Swamp:3  | Received a gift from Trog
 21045 | Swamp:3  | Got a fine great mace {god gift}
 21046 | Swamp:3  | Identified the +8 great mace "Qipidisch" {holy, rElec rPois rF+ Int-5} (Trog gifted it to you on level 3 of the Swamp)
 21181 | Swamp:4  | Entered Level 4 of the Swamp
 21249 | Swamp:4  | Noticed Kirke
 21261 | Swamp:4  | Killed Kirke
 21329 | Swamp:4  | Noticed Mara
 21356 | Swamp:4  | Noticed Kloppie's illusion
 21365 | Swamp:4  | Killed Mara
 21414 | Swamp:4  | Reached XP level 17. HP: 105/163 MP: 16/16
 21420 | Swamp:4  | Received a gift from Trog
 21428 | Swamp:4  | Reached skill level 15 in Dodging
 21507 | Swamp:4  | Noticed the 27-headed Lernaean hydra
 21521 | Swamp:4  | HP: 1/165 [the 27-headed Lernaean hydra (8)]
 21522 | Swamp:4  | Mangled by the 27-headed Lernaean hydra

Action                   |  1- 3 |  4- 6 |  7- 9 | 10-12 | 13-15 | 16-18 || total
-------------------------+-------+-------+-------+-------+-------+-------++-------
Melee: Mace              |    71 |   157 |     8 |       |       |       ||   236
       Morningstar       |       |       |   226 |   232 |    51 |       ||   509
       Great mace        |       |       |       |       |  1148 |   502 ||  1650
       Unarmed           |       |       |       |       |       |     6 ||     6
Throw: Tomahawk          |     1 |       |       |       |       |       ||     1
       Throwing net      |       |       |     1 |       |       |       ||     1
Invok: Berserk           |     1 |     2 |     1 |       |     1 |       ||     5
       Trog's Hand       |       |     2 |       |     1 |     2 |     4 ||     9
       Brothers in Arms  |       |       |       |       |       |     4 ||     4
  Use: Potion            |       |     2 |       |     3 |     2 |     5 ||    12
       Scroll            |       |       |    11 |    12 |     9 |     1 ||    33
 Stab: Sleeping          |       |       |       |       |    10 |       ||    10
       Distracted        |       |       |       |       |     1 |       ||     1
       Confused          |       |       |       |       |       |     1 ||     1
  Eat: Chunk             |       |     7 |     5 |     7 |    27 |     4 ||    50
       Fruit             |       |     6 |       |       |       |       ||     6
       Pizza             |       |       |     1 |     2 |       |     1 ||     4
       Beef jerky        |       |       |     1 |       |       |       ||     1
       Bread ration      |       |       |       |       |     1 |     2 ||     3
       Meat ration       |       |       |       |       |     1 |       ||     1
